 Dungeon Crawl Stone Soup version 0.32-a0-131-g9dbbe29261 (webtiles) character file.

Game seed: 2244178062648511319

29 Dittersdorf the Shield-Bearer (level 3, -2/24 HPs)
             Began as a Gargoyle Fighter on Feb 8, 2024.
             Slain by a quokka (3 damage)
             ... on level 2 of the Dungeon.
             The game lasted 00:00:28 (707 turns).

Dittersdorf the Shield-Bearer (Gargoyle Fighter)     Turns: 707, Time: 00:00:29

Health: -2/24      AC: 10    Str: 21    XL:     3   Next: 16%
Magic:  3/3        EV:  9    Int:  8    God:
Gold:   78         SH:  4    Dex:  9    Spells: 2/2 levels left

rFire   . . .        a - +0 flail
rCold   . . .        c - +0 buckler
rNeg    + . .        b - +0 scale mail
rPois   ∞            (no helmet)
rElec   +            (no cloak)
rCorr   .            (no gloves)
SInv    .            (no boots)
Will    .....        (no amulet) Stlth
                     (no ring)
HPRegen 0.24/turn    (no ring)
MPRegen 0.08/turn

%: no passive effects
@: no status effects
A: sickness immunity, AC +3, negative energy resistance 1, electricity
resistance, torment resistance 1, petrification resistance
a: no special abilities


You were on level 2 of the Dungeon.
You visited 1 branch of the dungeon, and saw 2 of its levels.

You collected 78 gold pieces.

Inventory:

Hand Weapons
 a - a +0 flail (weapon)
Armour
 b - a +0 scale mail (worn)
 c - a +0 buckler (worn)
Scrolls
 e - a scroll of enchant armour {unknown}
Potions
 d - a potion of might


   Skills:
 + Level 3.6 Fighting
 + Level 2.4 Maces & Flails
 + Level 3.6 Armour
 + Level 3.6 Shields


You had 2 spell levels left.
You didn't know any spells.
Your spell library was empty.

Dungeon Overview and Level Annotations

Branches:
Dungeon (2/15)

Altars:


Innate Abilities, Weirdness & Mutations

You are immune to sickness and miasma.
Your stone body is resilient. (AC +3)
You are immune to poison.
You resist negative energy. (rN+)
You are resistant to electric shocks. (rElec)
You are resistant to unholy torment.
You are immune to petrification.


Message History

The quokka bites you but does no damage.
You closely miss the jackal. The jackal bites you. The endoplasm freezes you.
You are frozen.
The quokka bites you but does no damage.
The jackal bites you but does no damage.
The endoplasm freezes you.
You are frozen.
* * * LOW HITPOINT WARNING * * *
The quokka bites you.
* * * LOW HITPOINT WARNING * * *
You are too injured to fight recklessly!
You are too injured to fight recklessly!
You are too injured to fight recklessly!
You are too injured to fight recklessly!
You are too injured to fight recklessly!
You are too injured to fight recklessly!
You are too injured to fight recklessly!
You are too injured to fight recklessly!
You are too injured to fight recklessly!
You are too injured to fight recklessly!
You are too injured to fight recklessly!
You are too injured to fight recklessly!
You are too injured to fight recklessly!
You are too injured to fight recklessly!
You are too injured to fight recklessly!
You are too injured to fight recklessly!
You are too injured to fight recklessly!
You are too injured to fight recklessly!
You are too injured to fight recklessly!
The endoplasm attacks as it pursues you!
The endoplasm hits you.
* * * LOW HITPOINT WARNING * * *
The jackal misses you. The jackal closely misses you.
The quokka attacks as it pursues you! The quokka bites you.
* * * LOW HITPOINT WARNING * * *
The quokka attacks as it pursues you!
The quokka bites you but does no damage.
The quokka attacks as it pursues you! The quokka bites you.
You die...

##.......... ...........
#.......... #..........
#.......... #..........
.## #.)........
....###########†.........
...........@r.h..........
###....<#.††..J..........
#.....#†...............
#####.#................
..#................
#####....##########
#/...# ######


You could see an endoplasm, a quokka and a jackal.

Vanquished Creatures
  2 dart slugs (D:1)
  An endoplasm (D:2)
  A goblin (D:2)
  A hobgoblin (D:1)
  8 jackals (D:2)
  A kobold (D:1)
  A quokka (D:1)
  3 ball pythons
  A bat (D:1)
  A frilled lizard (D:1)
  3 rats
23 creatures vanquished.

Notes
Turn   | Place    | Note
-------+----------+-------------------------------------------
     0 | D:1      | Dittersdorf the Gargoyle Fighter began the quest for the
                  | Orb.
     0 | D:1      | Reached XP level 1. HP: 14/14 MP: 1/1
   198 | D:1      | Reached XP level 2. HP: 17/19 MP: 2/2
   690 | D:2      | Reached XP level 3. HP: 23/23 MP: 3/3
   703 | D:2      | HP: 1/24 [endoplasm (1)]
   707 | D:2      | Slain by a quokka

Illustrated notes

Levels and vault maps discovered:
D:1:      minmay_arrival_checkered_box, layout_loops_ring
D:2:      layout_basic, patterned_corridor

Action                     || total
---------------------------++-------
  Melee: Flail             ||    76
 Armour: Scale mail        ||   114
  Dodge: Dodged            ||    69
  Block: Buckler           ||    26

Table legend: (Time is in decaauts)
 A = Elapsed time spent in this place.
 B = Non-inter-level travel time spent in this place.
 C = Inter-level travel time spent in this place.
 D = Time resting spent in this place.
 E = Time spent auto-exploring this place.
 F = Levels seen in this place.
 G = Mean time per level.
                   A        B        C        D        E       F      G
               +--------+--------+--------+--------+--------+-----+--------+
         Total |    731 |    702 |     29 |      0 |    556 |   2 |  365.5 |
       Dungeon |    731 |    702 |     29 |      0 |    556 |   2 |  365.5 |
               +--------+--------+--------+--------+--------+-----+--------+

Top non-repeatable levels by time:
     D:1: 633 daAuts
     D:2: 98 daAuts
